AoeStats
← SamDT

Arena

507667461Analyzed
1v1 RM · 14d ago on Sep 19, 2026· 30m 2s· 2 players
Game mode
Random Map
Map size
Tiny (2 player)
Population
200
Speed
Normal
Resources
Standard
Victory
Conquest
Starting age
Dark Age
Ending age
Imperial Age
RankedLock teamsTeams togetherTeam positionsShared explorationLock speedFull tech treeHidden civsTurbo modeCheats
Victory
Defeat
🇳🇿 Turks · New Zealand
689
+17
🇷🇺 Saracens · Russia
718
-17
SamDT
13:23 Feudal Age
15:43 Double-Bit Axe
18:16 Castle Age
22:43 Imperial Age
20:00 Loom
23:54 Fletching
25:15 Padded Archer Armor
CouthTiara15619
2:19 Loom
10:25 Feudal Age
11:59 Wheelbarrow
11:05 Horse Collar
11:13 Double-Bit Axe
19:19 Castle Age
19:10 Scale Barding Armor
19:16 Forging
19:04 Stone Mining
19:05 Gold Mining
19:50 Scale Mail Armor
21:13 Heavy Plow
23:58 Hand Cart
23:55 Bow Saw
25:57 Bloodlines
30:38 Imperial Age
29:33 Gold Shaft Mining
29:23 Chain Barding Armor
Connection lost

Rejoining the realm…

Still unreachable

The connection could not be restored.

Session expired

The server has moved on; the page needs a fresh start.